Map: Eternal Empire LE

Players

Nisia

  • Race: Terran Terran
  • League: Master
  • Spawn Location: 1:00

RuFF - Winner!

  • Race: Terran Terran
  • League: Master
  • Spawn Location: 7:00

VOD

Have the link to the VOD?

Description

Time

  • Played on: Dec. 15, 2019, 1:58 p.m.
  • Length: 8:34
Show
View Real Time Build Order
Export as new Build Order

Nisia Terran 

Build Orders:  

Get SALT Encoding   

  12  0:01  SCV  
  13  0:13  SCV  
  14  0:17  Supply Depot  
  14  0:25  SCV  
  15  0:38  SCV  
  15  0:40  Barracks  
  16  0:45  Refinery  
  16  0:56  Barracks  
  16  0:58  SCV  
  17  1:10  SCV  
  18  1:27  Orbital Command  
  18  1:29  Reaper  
  18  1:30  Supply Depot  
  19  1:46  Reaper  
  20  1:53  SCV  
  21  2:06  SCV  
  22  2:14  Reaper  
  23  2:17  Command Center  
  23  2:18  SCV  
  24  2:23  Barracks Reactor  
  24  2:27  Refinery  
  24  2:34  SCV  
  25  2:46  SCV  
  26  2:58  SCV  
  25  2:59  Reaper  
  25  3:00  Reaper  
  27  3:09  Command Center  
  27  3:10  SCV  
  28  3:22  SCV  
  28  3:24  Factory  
  29  3:29  Reaper  
  29  3:31  SCV  
  31  3:35  SCV  
  32  3:42  Reaper  
  32  3:45  Reaper  
  32  3:46  Orbital Command  
  34  3:52  SCV  
  32  4:07  SCV  
  24  4:17  Reaper x3  
  21  4:19  SCV  
  14  4:31  SCV  
  13  4:45  Orbital Command  
  13  4:46  SCV  
  13  4:49  Reaper  
  13  4:52  Barracks Tech Lab  
  15  4:56  SCV  
  16  5:00  Reaper  
  16  5:01  SCV  
  18  5:09  SCV  
  18  5:13  SCV  
  20  5:17  SCV  
  20  5:21  SCV  
  22  5:22  Marine  
  22  5:23  Marine  
  22  5:25  SCV  
  25  5:29  SCV  
  25  5:33  Marine, SCV  
  28  5:37  Stimpack  
  28  5:38  SCV  
  29  5:45  SCV  
  29  5:48  Marine x2  
  32  5:51  SCV x2  
  32  5:54  Marine  
  35  6:01  Supply Depot  
  32  6:06  SCV  
  32  6:10  Marine  
  30  6:13  Marine x2  
  30  6:14  SCV  
  32  6:21  SCV  
  32  6:25  SCV  
  34  6:28  Marine  
  34  6:30  Marine  
  36  6:35  Factory  
  36  6:38  Marine  
  35  6:46  Marine  
  33  6:48  Marine  
  34  6:56  Marine  
  34  6:58  SCV x3  
  37  7:04  Marine  
  37  7:06  Marine  
  37  7:10  SCV x2  
  37  7:14  Marine  
  35  7:21  Marine  
  32  7:23  Factory Tech Lab  
  32  7:24  Marine  
  31  7:31  Marine  
  31  7:36  Supply Depot  
  32  7:38  Supply Depot  
  32  7:39  Marine  
  32  7:40  SCV  
  32  7:41  SCV  
  32  7:42  Marine, SCV  
  37  7:46  Cyclone  
  37  7:49  Marine  
  39  7:53  SCV  
  39  7:57  Marine, SCV  
  42  8:07  Marine, Starport  
  43  8:15  Supply Depot  
  43  8:21  SCV  
  43  8:25  Supply Depot  
Show
View Real Time Build Order
Export as new Build Order

RuFF Terran - Winner!

Build Orders: 1/1/1, Hellion Opening 

Get SALT Encoding   

  12  0:00  SCV  
  13  0:13  SCV  
  14  0:18  Supply Depot  
  14  0:25  SCV  
  15  0:28  Refinery  
  15  0:40  SCV  
  16  0:45  Barracks  
  16  0:52  SCV  
  16  0:56  Refinery  
  17  1:04  SCV  
  18  1:18  SCV  
  19  1:30  SCV  
  20  1:34  Factory  
  20  1:35  Barracks Reactor  
  20  1:42  Orbital Command  
  20  1:54  Supply Depot  
  20  2:18  Barracks Tech Lab  
  20  2:22  Starport  
  20  2:24  Hellion  
  20  2:29  Hellion  
  23  2:37  Marauder  
  24  2:55  Hellion x2  
  28  3:03  Marauder  
  28  3:04  SCV  
  31  3:07  Starport Tech Lab  
  31  3:14  Supply Depot  
  31  3:23  Hellion  
  31  3:26  SCV  
  34  3:40  Hellion  
  38  4:12  Hellion  
  33  4:37  Hellion  
  33  4:38  Hellion  
  29  4:41  SCV  
  29  4:44  Starport  
  30  4:46  Starport  
  30  4:55  SCV  
  30  4:57  Marauder  
  33  5:02  Hellion  
  33  5:03  Hellion  
  33  5:05  Liberator  
  37  5:09  SCV  
  38  5:21  Fusion Core  
  38  5:22  SCV  
  38  5:23  Starport Tech Lab  
  42  5:30  Hellion  
  42  5:35  Hellion  
  46  5:39  SCV  
  47  6:05  SCV  
  46  6:13  Starport Tech Lab  
  42  6:28  Hellion x2  
  44  6:57  Hellion  
  46  7:04  Supply Depot, Hellion, Battlecruiser  
  50  7:20  Battlecruiser  
  48  7:38  Hellion x2  
  52  7:45  SCV  
  50  8:04  Command Center  
Tags
 
Add a new tag
Caveats
  • Supply blocks, unpowered buildings, or Contaminate may cause inaccurate times.
  • Supply counts are checked every 10 seconds.